 Dungeon Crawl Stone Soup version 0.29.1-15-g9cfb28693d (webtiles) character file.

Game seed: 10369871507444897011

31 hawla the Firebug (level 3, -7/26 HPs)
             Began as a Meteoran Fire Elementalist on Apr 29, 2023.
             Mangled by Duvessa
             ... wielding a +0 short sword
              (10 damage)
             ... on level 5 of the Dungeon.
             The game lasted 00:03:11 (357 turns).

hawla the Firebug (Meteoran Fire Elementalist)       Turns: 357, Time: 00:03:11

Health: -7/26      AC:  2    Str:  9    XL:     3   Next: 61%
Magic:  5/8        EV: 13    Int: 18    God:
Gold:   39         SH:  0    Dex: 15    Spells: 5/8 levels left

rFire   . . .      SeeInvis .   (no weapon)
rCold   . . .      Faith    .   (no shield)
rNeg    . . .      Spirit   .   a - +0 robe
rPois   .          Reflect  .   (no helmet)
rElec   .          Harm     .   (no cloak)
rCorr   .          Rampage  .   (no gloves)
Will    .....                   (no boots)
Stlth   +.........              (no amulet)
HPRegen 0.08/turn               (no ring)
MPRegen 0.11/turn               (no ring)

@: very slightly contaminated, glowing
A: sense surroundings 1, otherworldly, glowing, explore regen
a: no special abilities


You were on level 5 of the Dungeon.
You visited 1 branch of the dungeon, and saw 5 of its levels.

You collected 39 gold pieces.

Inventory:

Armour
 a - a +0 robe (worn)
Jewellery
 h - an amulet of faith
Scrolls
 c - a scroll of identify
 g - a scroll of teleportation
Potions
 b - a potion of magic
 d - a potion of might
 e - 2 potions of curing
 f - a potion of mutation


   Skills:
 + Level 3.0 Dodging
 - Level 1.4 Stealth
 + Level 3.3 Spellcasting
 + Level 1.4 Conjurations
 + Level 4.3 Fire Magic


You had 5 spell levels left.
You knew the following spells:

 Your Spells              Type           Power      Damage    Failure   Level
a - Foxfire               Conj/Fire      52%        2x1d6     4%          1
b - Scorch                Fire           36%        2d6       4%          2

Your spell library contained the following spells:

 Spells                   Type           Power      Damage    Failure   Level
 Conjure Flame            Conj/Fire      13%        6-21      14%         3
 Inner Flame              Hex/Fire       10%        N/A       21%         3
 Dazzling Flash           Conj/Hex       10%        N/A       34%         3
 Flame Wave               Conj/Fire      13%        2d6       43%         4
 Iskenderun's Mystic Bla  Conj/Tloc      5%         2d3       75%         4
 Starburst                Conj/Fire      6%         6d4       100%        6


Dungeon Overview and Level Annotations

Branches:
Dungeon (5/15) Zot: 2643
 Temple: D:4-7

Altars:

Annotations:
D:5 Dowan, Duvessa


Innate Abilities, Weirdness & Mutations

You passively map a small area around you.
You are easily found by Zot.
You glow in the dark.
You regain HP and MP as you explore.


Message History

e - 2 potions of curing
As you read the scroll of identify, it crumbles to dust.
f - a potion of mutation Your surroundings suddenly seem different.
Duvessa, Dowan, an orc, a bullfrog and an iguana come into view.
Found 6 gold pieces.
Found an escape hatch in the ceiling.
Found a stone staircase leading down.
Duvessa shouts!
Dowan shouts!
The iguana hisses angrily.
Casting: Foxfire (safe; 4% risk of failure)
Confirm with . or Enter, or press ? or * to list all spells.
You conjure some foxfire!
Casting: Foxfire (safe; 4% risk of failure)
Confirm with . or Enter, or press ? or * to list all spells.
You conjure some foxfire!
The foxfire hits the iguana.
The iguana is moderately wounded.
The foxfire hits the iguana.
The iguana is heavily wounded.
The iguana bites you.
Casting: Foxfire (safe; 4% risk of failure)
Confirm with . or Enter, or press ? or * to list all spells.
You miscast Scorch.
You are very lightly contaminated with residual magic.
Nothing appears to happen.
The foxfire hits the bullfrog.
The bullfrog is lightly wounded.
The foxfire hits Dowan.
Dowan is moderately wounded.
Dowan gestures at Duvessa while chanting.
Duvessa seems to speed up.
The iguana bites you! The bullfrog closely misses you.
The bullfrog swells and bulges.
The bullfrog barely misses you.
Found a scroll of identify.
Duvessa says, "When magic and the sword combine, nothing stands against them."
The bullfrog barely misses you. The orc closely misses you.
Duvessa hits you with a +0 short sword! The bullfrog hits you.
* * * LOW HITPOINT WARNING * * *
The orc barely misses you.
There is an escape hatch in the ceiling, spattered with blood here.
Duvessa hits you with a +0 short sword!
You die...

###########
#..lF@....#
#..eoe....#
#.........#
#.........#**
#..........?
,
#.........###
#......>$.# ,
#.........#
#######.##


You could see Duvessa (fast), Dowan, a bullfrog, an iguana and an orc.

Vanquished Creatures
  An adder (D:3)
  2 ball pythons
  3 endoplasms
  3 giant cockroaches
  2 goblins
  A hobgoblin (D:2)
  2 jackals (D:3)
  A quokka (D:2)
  A bat (D:3)
  A frilled lizard (D:1)
  2 kobolds
  A rat (D:3)
20 creatures vanquished.

Vanquished Creatures (others)
  58 foxfires
58 creatures vanquished.

Grand Total: 78 creatures vanquished

Notes
Turn   | Place    | Note
-------+----------+-------------------------------------------
     0 | D:1      | hawla the Meteoran Fire Elementalist began the quest for
                  | the Orb.
     0 | D:1      | Reached XP level 1. HP: 14/14 MP: 5/5
    85 | D:1      | Reached XP level 2. HP: 20/20 MP: 3/6
   156 | D:2      | Learned a level 2 spell: Scorch
   183 | D:2      | Reached skill level 4 in Fire Magic
   250 | D:3      | Reached XP level 3. HP: 26/26 MP: 5/8
   346 | D:5      | Entered Level 5 of the Dungeon
   350 | D:5      | Noticed Duvessa
   350 | D:5      | Noticed Dowan
   350 | D:5      | Noticed a bullfrog
   357 | D:5      | Mangled by Duvessa

Illustrated notes

Levels and vault maps discovered:
D:1:      dpeg_arrival_three_same_balls, layout_basic, serial_shops, shop,
          shop_statue, nicolae_shop_waterfront, shop_statue
D:2:      layout_rooms, shapermc_ecumenical_altar_mp_vishouse,
          minmay_misc_feat_chi, dreamdust_wishing_well, grunt_decor_resistance,
          chequers_serial_rivers_small_a
D:3:      layout_loops_cross, nicolae_elyvilon_peaceful_grove, serial_rivers,
          chequers_serial_rivers_large_a, chequers_serial_rivers_small_a,
          chequers_serial_rivers_micro_d, chequers_serial_rivers_micro_b,
          chequers_serial_rivers_large_b, chequers_serial_rivers_small_a,
          kennysheep_generic_room_13, uniq_jessica
D:4:      layout_basic
D:5:      lemuel_ice_spiral_2, layout_basic, minmay_temple_entry_offerings,
          enter_ossuary_2, uniq_duvessa

Skill      XL: |  1  2 |
---------------+-------+-----
Fire Magic     | 4 |  4.3
Spellcasting   | 3 |  3.3
Dodging        | 3 |  3.0
Stealth        | |  1.4
Conjurations   | |  1.4

Action                   || total
-------------------------++-------
Melee: Unarmed           ||     8
 Cast: Foxfire           ||    34
  Use: Scroll            ||     4
Armor: Robe              ||     7
Dodge: Dodged            ||    13
